 Dungeon Crawl Stone Soup version 0.21-a0-110-g8e1637b (webtiles) character file.

33359 Lavandula the Artisan of Death (level 13, -16/88 HPs)
             Began as a Mummy Arcane Marksman on July 8, 2017.
             Was a Priest of Kikubaaqudgha.
             Shot with an arrow by a satyr (37 damage)
             ... on level 2 of the Shoals.
             The game lasted 01:41:16 (13959 turns).

Lavandula the Artisan of Death (MuAM)              Turns: 13959, Time: 01:41:17

Health: -16/88     AC: 13    Str: 11    XL:     13   Next: 36%
Magic:  4/26       EV: 23    Int: 14    God:    Kikubaaqudgha [***...]
Gold:   519        SH: 10    Dex: 28    Spells: 1/31 levels left

rFire    . . .     SeeInvis .   X - +0 demon whip (elec)
rCold    + + +     Gourm    .   K - +3 buckler of Intercession {rC+ rN+ Str-2 Dex+9}
rNeg     + + +     Faith    .   D - +2 robe {rC+ rF+}
rPois    ∞         Spirit   .   (no helmet)
rElec    .         Reflect  .   z - scarf {cloud immunity}
rCorr    .         Harm     .   T - +2 pair of gloves {Dex+3}
MR       +....                  M - +2 pair of boots {Stlth+}
Stlth    +++.......             (no amulet)
HPRegen  0.24/turn              k - ring of wizardry
MPRegen  0.20/turn              l - +3 ring of protection

@: death channel
A: no food or potions, fire vulnerability, cold resistance 1, negative energy
resistance 3, torment resistance, unbreathing, in touch with death 1
a: Receive Corpses, Renounce Religion


You were on level 2 of the Shoals.
You worshipped Kikubaaqudgha.
Kikubaaqudgha was most pleased with you.
You were not hungry.

You visited 5 branches of the dungeon, and saw 21 of its levels.
You also visited: Bailey and Ice Cave.

You collected 1375 gold pieces.
You spent 856 gold pieces at shops.

Inventory:

Hand Weapons
 a - a +7 hand crossbow
 n - a +2 short sword of speed
 r - a +0 trident
 w - a +3 spear
 y - a +1 hand axe of chopping
 J - a +2 scimitar of flaming
 X - a +0 demon whip of electrocution (weapon)
Missiles
 h - a bolt
 i - 5 throwing nets (quivered)
 o - 6 needles of confusion
Armour
 z - a scarf of cloud immunity (worn)
 D - a +2 robe of resistance (worn)
 F - a +2 ring mail of cold resistance
 K - the +3 buckler of Intercession (worn) {rC+ rN+ Str-2 Dex+9}
   (You bought it in a shop on level 7 of the Dungeon)

   It affects your strength (-2).
   It affects your dexterity (+9).
   It protects you from cold.
   It protects you from negative energy.
 M - a +2 pair of boots of stealth (worn)
 Q - +0 fire dragon scales
 S - +0 steam dragon scales
 T - a +2 pair of gloves of dexterity (worn)
 U - a +1 buckler of cold resistance
 Y - a +1 robe of resistance
Magical Staves
 A - an uncursed staff of air
 B - an uncursed staff of poison
Jewellery
 k - a ring of wizardry (left hand)
 l - a +3 ring of protection (right hand)
 q - an uncursed ring of stealth
 N - an uncursed amulet of guardian spirit
Wands
 d - a wand of polymorph (10/24)
 s - a wand of disintegration (0/24)
 v - a wand of lightning (0/15)
 H - a wand of iceblast (7/15)
 I - a wand of acid (0/15)
 P - a wand of random effects (31/48)
Scrolls
 b - 4 scrolls of remove curse
 e - a scroll of recharging
 f - a scroll of vulnerability
 g - 5 scrolls of amnesia
 j - a scroll of fear {unknown}
 m - a scroll of immolation {unknown}
 t - a scroll of fog
 E - a scroll of enchant armour
 L - a scroll of summoning {unknown}
 O - a scroll of noise {unknown}
Books
 c - a book of Debilitation

   Spells                             Type                      Level
   a - Corona                         Hexes                        1
   b - Slow                           Hexes                        2
   c - Inner Flame                    Hexes/Fire                   3
   d - Portal Projectile              Hexes/Translocation          3
   e - Cause Fear                     Hexes                        4
   f - Leda's Liquefaction            Hexes/Earth                  4
 u - Kikubaaqudgha's Papyrus of Stolen Souls
   (Kikubaaqudgha gifted it to you on level 2 of the Lair of Beasts)

   Spells                             Type                      Level
   a - Animate Skeleton               Necromancy                   1
   b - Pain                           Necromancy                   1
   c - Corpse Rot                     Necromancy                   2
   d - Vampiric Draining              Necromancy                   3
   e - Control Undead                 Necromancy                   4
 x - a book of Flames

   Spells                             Type                      Level
   a - Flame Tongue                   Conjuration/Fire             1
   b - Throw Flame                    Conjuration/Fire             2
   c - Conjure Flame                  Conjuration/Fire             3
   d - Inner Flame                    Hexes/Fire                   3
   e - Sticky Flame                   Conjuration/Fire             4
   f - Fireball                       Conjuration/Fire             5
 C - a book of Geomancy

   Spells                             Type                      Level
   a - Sandblast                      Earth                        1
   b - Passwall                       Transmutation/Earth          2
   c - Stone Arrow                    Conjuration/Earth            3
   d - Petrify                        Transmutation/Earth          4
   e - Lee's Rapid Deconstruction     Earth                        5
 R - Kikubaaqudgha's Catalogue of Darkness
   (Kikubaaqudgha gifted it to you on level 6 of the Lair of Beasts)

   Spells                             Type                      Level
   a - Excruciating Wounds            Charms/Necromancy            5
   b - Bolt of Draining               Conjuration/Necromancy       5
   c - Cigotuvi's Embrace             Necromancy                   5
   d - Dispel Undead                  Necromancy                   5
   e - Death Channel                  Necromancy                   6
 V - a book of Power

   Spells                             Type                      Level
   a - Iskenderun's Battlesphere      Conjuration/Charms           5
   b - Venom Bolt                     Conjuration/Poison           5
   c - Bolt of Magma                  Conjuration/Fire/Earth       5
   d - Iron Shot                      Conjuration/Earth            6
   e - Orb of Destruction             Conjuration                  7
   f - Spellforged Servitor           Conjuration/Summoning        7
Miscellaneous
 G - a phial of floods (inert)


   Skills:
 - Level 4.2 Fighting
 + Level 1.7 Maces & Flails
 - Level 1.0 Polearms
 - Level 4.9 Crossbows
 - Level 9.9 Dodging
 - Level 5.5 Shields
 - Level 9.8 Spellcasting
 - Level 5.5 Conjurations
 - Level 2.6 Hexes
 - Level 12.0 Necromancy
 - Level 3.0 Fire Magic
 - Level 4.3 Evocations


You had one spell level left.
You knew the following spells:

 Your Spells              Type           Power        Failure   Level  Hunger
a - Corona                Hex            ##.....      1%          1    N/A
b - Slow                  Hex            ##......     2%          2    N/A
c - Conjure Flame         Conj/Fire      ###.....     2%          3    N/A
d - Flame Tongue          Conj/Fire      ###..        1%          1    N/A
e - Sticky Flame          Conj/Fire      ###.....     8%          4    N/A
f - Cause Fear            Hex            ##........   14%         4    N/A
g - Vampiric Draining     Necr           ######....   1%          3    N/A
h - Animate Skeleton      Necr           N/A          1%          1    N/A
i - Death Channel         Necr           ######....   4%          6    N/A
j - Bolt of Draining      Conj/Necr      #####.....   3%          5    N/A

Dungeon Overview and Level Annotations

Branches:
Dungeon (9/15)             Temple (1/1) D:7            Lair (6/6) D:8
 Shoals (3/4) Lair:2        Snake (0/4) Lair:2        Slime (0/5) Lair:6
    Orc (2/2) D:9             Elf (0/3) Orc:2

Altars:
Ashenzari
Cheibriados
Dithmenos
Elyvilon
Gozag
Hepliaklqana
Kikubaaqudgha
Nemelex Xobeh
Okawaru
Qazlal
Ru
Sif Muna
Trog
Uskayaw
Vehumet
Wu Jian
Xom
Yredelemnul
Zin
The Shining One

Shops:
D:7 [   Shoals:1 }   Shoals:2 [

Annotations:
D:3 Robin
Lair:6 exclusion: upstairs
Shoals:1 exclusion: Roxanne, Roxanne
Shoals:2 Polyphemus
Orc:2 Sonja


Innate Abilities, Weirdness & Mutations

You do not eat or drink.
Your flesh is vulnerable to fire.
You are immune to poison.
Your flesh is cold resistant. (rC+)
You are immune to negative energy. (rN+++)
You are immune to unholy pain and torment.
You can survive without breathing.
You are in touch with the powers of death.


Message History

The satyr shoots an arrow.
The arrow hits your spectral merfolk!!! Something hits your spectral merfolk!
Your spectral merfolk is destroyed!
Unknown command.
The teleport trap disappears.
The satyr disappears!
The satyr reappears nearby!
The merfolk throws a throwing net.
The throwing net hits you.
You become entangled in the net!
Unknown command.
You struggle against the net.
The faun shoots a stone.
The stone hits you but does no damage.
You tear a large gash into the net.
The satyr shoots an arrow.
The arrow hits you!
The faun shoots a stone.
The stone hits you.
You rip the net and break free!
The satyr shoots an arrow.
The arrow hits you!!
The faun shoots a stone.
The stone hits you.
The faun shoots a stone.
The stone hits you!
* * * LOW HITPOINT WARNING * * *
You see here a stone.
The satyr shoots an arrow.
The arrow hits you!!!
You die...
Kikubaaqudgha rasps: "You have failed me!
Welcome... oblivion!"

≈≈≈≈≈≈.(#########.≈≈....≈.#
≈≈≈≈≈≈≈c)...# #≈≈....≈≈≈#
≈≈≈≈≈≈≈≈≈..#####.≈≈≈...≈≈..
≈≈≈≈≈≈≈≈≈..# #..≈≈≈≈...≈≈..
≈≈≈≈≈≈≈≈≈≈.###.≈≈≈≈≈..≈≈...
≈≈≈≈≈≈≈≈≈≈≈(....≈≈≈.≈≈≈≈...
≈≈≈≈≈≈≈≈≈≈mc##.....≈≈≈≈≈≈
≈≈≈≈≈≈≈≈...(##.##...≈≈≈≈≈≈
≈≈≈≈≈≈≈.....@.##
#..≈≈≈≈≈≈≈≈≈
≈≈≈≈≈≈..##...##
#....≈≈≈≈≈≈≈
≈≈≈≈≈≈.#.≈≈<.###....≈≈≈.≈≈≈
≈≈≈≈≈≈≈≈≈.......≈≈≈≈≈...≈≈
≈≈≈≈≈≈≈≈≈.....≈≈≈≈≈≈..≈≈≈
≈≈≈≈≈≈≈≈≈≈≈....≈≈≈≈≈..≈≈≈
≈≈≈≈≈≈≈≈≈≈..≈≈≈≈≈....≈≈≈
≈≈≈≈≈≈≈≈≈..≈≈≈≈≈>).#.≈≈≈
≈≈≈≈≈≈≈≈≈≈≈≈≈≈......≈≈≈


You could see a satyr, a merfolk and a faun.

Vanquished Creatures
  3 hydras
  A catoblepas (Shoals:1)
  Erica (Lair:2)
  A fire crab (Lair:5)
  2 sea snakes
  A swamp dragon (Lair:6)
  A lindwurm (Lair:6)
  An orc knight (Orc:1)
  A manticore (Shoals:1)
  A faun (Shoals:2)
  A merfolk siren (Shoals:2)
  2 elephants (Lair:6)
  2 ice statues (IceCv)
  3 black mambas
  A spiny frog (Lair:2)
  2 rime drakes (Lair:3)
  4 komodo dragons
  13 ice devils (IceCv)
  A merfolk (Shoals:2)
  A polar bear (Lair:4)
  A troll (Orc:1)
  4 blink frogs
  A hippogriff (Shoals:1)
  3 slime creatures
  7 dream sheep (Lair:6)
  A snapping turtle (Shoals:1)
  4 wyverns
  12 yaks
  Eustachio (D:6)
  2 steam dragons (Lair:6)
  A warg (Orc:1)
  5 nagas (Lair:2)
  7 water moccasins
  5 porcupines
  A swamp drake (D:8)
  An ice beast (D:7)
  3 orc warriors
  A black bear (D:6)
  A sky beast (D:7)
  3 wolves (Lair:5)
  5 centaurs
  3 ogres
  9 crocodiles
  A big kobold (D:7)
  9 gnoll sergeants
  2 scorpions
  3 killer bees (D:7)
  3 wights (D:5)
  A crimson imp (D:5)
  A jelly (Lair:6)
  2 orc priests
  2 hounds (Bailey)
  6 gnoll shamans (Bailey)
  Terence (D:2)
  2 iguanas
  An orc wizard (D:6)
  4 worker ants
  A hound zombie (D:7)
  21 gnolls
  A howler monkey skeleton (D:4)
  9 adders
  4 white imps (IceCv)
  6 ufetubi (IceCv)
  An adder skeleton (D:7)
  A worm (D:2)
  2 dart slugs (D:1)
  3 leopard geckos
  27 orcs
  2 bats
  3 giant cockroaches
  10 goblins
  8 hobgoblins
  8 jackals
  2 quokkas
  4 ball pythons (D:4)
  A frilled lizard (D:1)
  8 kobolds
  A quokka zombie (D:9)
  3 rats
288 creatures vanquished.

Vanquished Creatures (collateral kills)
  A fire dragon (Lair:6)
  2 hydras
  4 sea snakes
  5 fauns (Shoals:2)
  An orc sorcerer (Orc:2)
  3 harpies (Shoals:1)
  A manticore (Shoals:1)
  4 elephants (Lair:6)
  2 merfolk sirens
  A spiny frog (Lair:6)
  A komodo dragon (Lair:6)
  A rime drake (Lair:6)
  5 merfolk
  A blink frog (Lair:4)
  A snapping turtle (Shoals:2)
  A hippogriff (Lair:5)
  A wyvern (Lair:6)
  2 steam dragons (Lair:6)
  2 basilisks (Lair:6)
  A water moccasin (Lair:6)
  A porcupine (Lair:5)
  A swamp drake (Lair:6)
  A crocodile (Lair:5)
  2 plants (Lair:6)
45 creatures vanquished.

Vanquished Creatures (others)
  A blizzard demon (IceCv)
  2 white imps (IceCv)
  6 ufetubi (IceCv)
  14 fungi
  6 plants
29 creatures vanquished.

Grand Total: 362 creatures vanquished

Notes
Turn   | Place    | Note
-------+----------+-------------------------------------------
     0 | D:1      | Lavandula the Mummy Arcane Marksman began the quest for the Orb.
     0 | D:1      | Reached XP level 1. HP: 15/15 MP: 2/2
   149 | D:1      | Reached XP level 2. HP: 21/21 MP: 4/4
   336 | D:3      | Reached XP level 3. HP: 24/26 MP: 5/5
   521 | D:3      | Found a glowing golden altar of the Shining One.
   783 | D:5      | Entered Level 5 of the Dungeon
   927 | D:3      | Found a hide-covered altar of Uskayaw.
  1090 | D:4      | Reached XP level 4. HP: 12/32 MP: 1/6
  1098 | D:4      | HP: 1/32 [leopard gecko (3)]
  1623 | D:3      | Noticed Robin
  2005 | D:4      | Reached XP level 5. HP: 38/38 MP: 7/7
  2282 | D:5      | Found a bloodstained altar of Trog.
  2389 | D:5      | Reached XP level 6. HP: 30/48 MP: 6/8
  2393 | D:5      | Learned a level 2 spell: Slow
  2865 | D:5      | Reached skill level 1 in Shields
  2995 | D:5      | Reached XP level 7. HP: 54/54 MP: 6/9
  3089 | D:6      | Found a deep blue altar of Sif Muna.
  3112 | D:6      | Noticed Eustachio
  3128 | D:6      | Killed Eustachio
  3236 | D:6      | Noticed a wyvern
  3241 | D:6      | Killed a wyvern
  3268 | D:6      | Found a basalt altar of Yredelemnul.
  3279 | D:6      | Found a snail-covered altar of Cheibriados.
  3280 | D:6      | Found a sacrificial altar of Ru.
  3486 | D:6      | Learned a level 3 spell: Conjure Flame
  3598 | D:6      | Reached skill level 1 in Conjurations
  3598 | D:6      | Reached XP level 8. HP: 60/60 MP: 10/10
  3659 | D:7      | Found Iplicrysh's Antique Armour Shoppe.
  3667 | D:7      | Bought an embroidered scarf for 240 gold pieces
  3754 | D:7      | Reached skill level 1 in Fire Magic
  3778 | D:7      | Noticed a deep elf mage
  4139 | D:7      | Found a staircase to the Ecumenical Temple.
  4145 | Temple   | Entered the Ecumenical Temple
  4275 | D:8      | Reached skill level 5 in Spellcasting
  4362 | D:8      | Reached skill level 1 in Evocations
  4362 | D:8      | Reached XP level 9. HP: 28/65 MP: 9/18
  4475 | D:8      | Found a flagged portal.
  4481 | Bailey   | Entered a bailey
  4823 | Bailey   | Learned a level 1 spell: Flame Tongue
  4874 | Bailey   | Reached skill level 1 in Polearms
  5182 | Bailey   | Learned a level 4 spell: Sticky Flame
  5867 | D:2      | Found a basalt altar of Yredelemnul.
  6153 | D:2      | Noticed Terence
  6158 | D:2      | Killed Terence
  6183 | D:2      | Found an ancient bone altar of Kikubaaqudgha.
  6191 | D:2      | Became a worshipper of Kikubaaqudgha
  6197 | D:2      | Learned a level 4 spell: Cause Fear
  6548 | D:9      | Found a staircase to the Orcish Mines.
  6564 | D:9      | Reached skill level 5 in Conjurations
  6610 | Orc:1    | Entered Level 1 of the Orcish Mines
  6610 | Orc:1    | Noticed a troll
  6615 | Orc:1    | Killed a troll
  6761 | Orc:2    | Entered Level 2 of the Orcish Mines
  6765 | Orc:2    | Noticed a stone giant
  6770 | Orc:2    | Noticed Sonja
  6870 | D:8      | Reached XP level 10. HP: 57/72 MP: 15/20
  6941 | D:8      | Found a staircase to the Lair.
  6970 | Lair:1   | Entered Level 1 of the Lair of Beasts
  7165 | Lair:2   | Noticed Erica
  7177 | Lair:2   | Reached skill level 5 in Dodging
  7186 | Lair:2   | Reached * piety under Kikubaaqudgha
  7186 | Lair:2   | Identified Kikubaaqudgha's Papyrus of Stolen Souls (Kikubaaqudgha gifted it to you on level 2 of the Lair of Beasts)
  7186 | Lair:2   | Received a gift from Kikubaaqudgha
  7209 | Lair:2   | Killed Erica
  7318 | Lair:2   | Learned a level 3 spell: Vampiric Draining
  7431 | Lair:2   | Noticed a spiny frog
  7464 | Lair:2   | Noticed a black mamba
  7477 | Lair:2   | Killed a black mamba
  7501 | Lair:2   | Noticed a black mamba
  7511 | Lair:2   | Learned a level 1 spell: Animate Skeleton
  7551 | Lair:2   | Reached skill level 1 in Necromancy
  7758 | Lair:2   | Killed a black mamba
  7758 | Lair:2   | Reached skill level 2 in Necromancy
  7758 | Lair:2   | Reached XP level 11. HP: 43/77 MP: 4/21
  7760 | Lair:2   | Reached skill level 3 in Necromancy
  7902 | D:7      | Bought a bloodstained buckler for 285 gold pieces
  7912 | D:7      | Identified the +3 buckler of Intercession {rC+ rN+ Str-2 Dex+9} (You bought it in a shop on level 7 of the Dungeon)
  7914 | D:7      | Bought an opalescent robe for 171 gold pieces
  7924 | D:7      | Identified the +0 robe of Buddiog {MP+9} (You bought it in a shop on level 7 of the Dungeon)
  8140 | Lair:2   | Found a staircase to the Snake Pit.
  8235 | Lair:3   | Reached skill level 4 in Necromancy
  8619 | Lair:3   | Reached ** piety under Kikubaaqudgha
  8802 | Lair:4   | Noticed a five-headed hydra
  8810 | Lair:4   | Killed a five-headed hydra
  8810 | Lair:4   | Reached skill level 5 in Shields
  9039 | Lair:5   | Reached skill level 5 in Necromancy
  9115 | Lair:5   | Noticed a six-headed hydra
  9134 | Lair:5   | Killed a six-headed hydra
  9155 | Lair:5   | Reached skill level 6 in Necromancy
  9235 | Lair:6   | Entered Level 6 of the Lair of Beasts
  9262 | Lair:6   | Found a staircase to the Slime Pits.
  9262 | Lair:6   | Noticed a fire crab
  9306 | Lair:5   | Noticed a six-headed hydra
  9601 | Lair:6   | Noticed a lindwurm
  9612 | Lair:6   | Killed a lindwurm
  9612 | Lair:6   | Reached skill level 7 in Necromancy
  9680 | Lair:6   | Reached skill level 8 in Necromancy
  9873 | Lair:6   | Noticed a five-headed hydra
  9881 | Lair:6   | Killed a five-headed hydra
  9881 | Lair:6   | Reached XP level 12. HP: 66/83 MP: 17/23
  9933 | Lair:6   | Noticed a five-headed hydra
  9941 | Lair:6   | Killed a five-headed hydra
 10137 | Lair:6   | Reached *** piety under Kikubaaqudgha
 10137 | Lair:6   | Identified Kikubaaqudgha's Catalogue of Darkness (Kikubaaqudgha gifted it to you on level 6 of the Lair of Beasts)
 10137 | Lair:6   | Received a gift from Kikubaaqudgha
 10159 | Lair:6   | Learned a level 6 spell: Death Channel
 10214 | Lair:6   | Reached skill level 9 in Necromancy
 10320 | Lair:6   | Noticed a fire dragon
 10589 | Lair:6   | Learned a level 5 spell: Bolt of Draining
 10723 | Lair:5   | Killed a six-headed hydra
 11141 | Lair:6   | Killed a fire dragon
 11141 | Lair:6   | Reached skill level 10 in Necromancy
 11574 | Orc:2    | Found a staircase to the Elven Halls.
 11590 | Orc:2    | Noticed an orc warlord
 11992 | Lair:2   | Found a staircase to the Shoals.
 12001 | Shoals:1 | Entered Level 1 of the Shoals
 12060 | Shoals:1 | Found a frozen archway.
 12068 | Shoals:1 | Reached skill level 11 in Necromancy
 12091 | IceCv    | Entered an ice cave
 12458 | IceCv    | Reached skill level 12 in Necromancy
 12568 | IceCv    | Gained mutation: You are in touch with the powers of death. [Mummy growth]
 12568 | IceCv    | Reached XP level 13. HP: 87/88 MP: 11/26
 12751 | IceCv    | Noticed a blizzard demon
 13069 | IceCv    | Killed a blizzard demon
 13119 | Shoals:1 | Noticed Roxanne
 13149 | Shoals:1 | Found Qityb's Gadget Shop.
 13267 | Shoals:2 | Found Tuudas's Antique Armour Boutique.
 13308 | Shoals:2 | Bought an embroidered scarf for 160 gold pieces
 13355 | Shoals:2 | Noticed Polyphemus
 13837 | Shoals:3 | Noticed a merfolk impaler
 13880 | Shoals:2 | Reached skill level 1 in Maces & Flails
 13959 | Shoals:2 | Shot with an arrow by a satyr

Vault maps used:
D:1:      lemuel_arrival_muddy
D:2:      lemuel_coloured_pillars_altar, yredelemnul_altar_generic, uniq_terence
D:3:      kennysheep_six_static_rooms, marbit_many_paths, first_bread,
          tso_metal_star, uniq_robin
D:4:      minmay_snake_closets
D:5:      lemuel_doored_altar
D:6:      nicolae_overflow_crystal_walls, minitemple, uniq_eustachio
D:7:      minmay_temple_entry_fiery, serial_shops, shop_fountains,
          guppyfry_early_elven_hall
D:8:      erik_lair_dragon, enter_bailey_2
D:9:      makhleb_heckhound_becter, fedhas_altar_decomposition, david_orc_2,
          nicolae_ru_path_of_blood
Temple:   nicolae_temple_x_marks_the_god
Lair:2:   minmay_shoals_entry_centaurs, minmay_snake_entry_guardpost_large,
          serial_bayou_pond_d, grunt_forest_small_clearings, uniq_gastronok,
          uniq_erica
Lair:3:   serial_bayou_lagoon_b
Lair:4:   grunt_megastairs_3, uniq_kirke
Lair:5:   serial_bayou_pond_e, grunt_megastairs_2
Lair:6:   guppyfry_lair_end_dragon, hangedman_lair_in_review,
          minmay_slime_entry_pillars
Shoals:1: serial_shops, shop, portal_ice_cave_entry_pillars_1, uniq_roxanne,
          uniq_donald
Shoals:2: serial_shops, shop, uniq_polyphemus
Orc:2:    grunt_orc_gardens, grunt_orc_garden, grunt_orc_garden,
          grunt_orc_garden, grunt_orc_garden, uniq_josephine, uniq_sonja
Bailey:   bailey_polearm_gnolls_kennysheep, bailey
IceCv:    ice_cave_small_demon

Skill      XL: |  1  2  3  4  5  6  7  8  9 10 11 12 13 |
---------------+----------------------------------------+-----
Crossbows      | 2 3 4 |  4.9
Fighting       | 4 |  4.2
Shields        | 1 3 5 |  5.5
Dodging        | 3 8 9 |  9.9
Conjurations   | 1 2 5 |  5.5
Fire Magic     | 3 |  3.0
Spellcasting   | 6 7 9 |  9.8
Evocations     | 1 4 |  4.3
Polearms       | 1 |  1.0
Necromancy     | 2 8 12 | 12.0
Maces & Flails | 1 |  1.7
Hexes          | |  2.6

Action                   |  1- 3 |  4- 6 |  7- 9 | 10-12 | 13-15 || total
-------------------------+-------+-------+-------+-------+-------++-------
Melee: Spear             |       |       |    15 |    42 |     3 ||    60
       Hand crossbow     |       |       |       |     1 |       ||     1
       Scimitar          |       |       |       |    32 |    15 ||    47
       Demon whip        |       |       |       |       |    10 ||    10
 Fire: Hand crossbow     |    73 |   114 |   251 |   253 |    11 ||   702
Throw: Throwing net      |       |       |     4 |     3 |     1 ||     8
 Cast: Corona            |    19 |    23 |    10 |       |       ||    52
       Conjure Flame     |       |       |    20 |    14 |       ||    34
       Flame Tongue      |       |       |    51 |       |       ||    51
       Sticky Flame      |       |       |    17 |    75 |    24 ||   116
       Slow              |       |       |     1 |       |       ||     1
       Vampiric Draining |       |       |       |    33 |    12 ||    45
       Animate Skeleton  |       |       |       |    53 |     8 ||    61
       Cause Fear        |       |       |       |     2 |       ||     2
       Bolt of Draining  |       |       |       |    13 |     2 ||    15
       Death Channel     |       |       |       |    10 |     9 ||    19
Invok: Receive Corpses   |       |       |       |     8 |     2 ||    10
Evoke: Wand              |       |       |    15 |     2 |       ||    17
       Phial of floods   |       |       |       |     2 |       ||     2
  Use: Scroll            |     1 |     7 |     9 |    10 |     3 ||    30
 Stab: Held in net/web   |       |       |     1 |       |       ||     1
       Sleeping          |       |       |       |       |     2 ||     2
Armor: Robe              |     2 |     5 |    13 |    32 |    23 ||    75
Dodge: Dodged            |    24 |    42 |    84 |   225 |    54 ||   429
Block: Buckler           |       |       |    36 |   127 |    46 ||   209
       Rpst.: Scimitar   |       |       |       |     8 |     5 ||    13
